 Dungeon Crawl Stone Soup version 0.26.0-10-g1f06aea511 (webtiles) character file.

Game seed: 3724754274589613616

128034 Borgoz the Bludgeoner (level 17, -2/112 HPs)
             Began as a Gargoyle Berserker on Jan 18, 2021.
             Was a High Priest of Trog.
             Slain by an air elemental (9 damage)
             ... on level 1 of the Elven Halls.
             The game lasted 00:39:42 (26598 turns).

Borgoz the Bludgeoner (Gargoyle Berserker)         Turns: 26598, Time: 00:39:43

Health: -2/112     AC: 38    Str: 26    XL:     17   Next: 2%
Magic:  17/17      EV: 19    Int:  9    God:    Trog [*****.]
Gold:   1891       SH:  5    Dex: 20    Spells: 16/16 levels left

rFire    . . .     SeeInvis .   a - +6 great mace (vorpal)
rCold    . . .     Faith    .   (shield currently unavailable)
rNeg     + . .     Spirit   .   I - +7 chain mail of Xisosy {Slay+3}
rPois    ∞         Reflect  +   S - +2 hat
rElec    +         Harm     +   K - scarf {harm}
rCorr    .         Rampage  .   p - +0 pair of gloves
Will     +++..                  r - +0 pair of boots
Stlth    ..........             P - amulet of reflection
HPRegen  1.28/turn              Z - +6 ring of strength
MPRegen  0.15/turn              c - +6 ring of dexterity

@: berserk cooldown, flying, very slightly contaminated, regenerating, slowed,
studying Dodging, invisible, very slow
A: big wings, negative energy resistance 1, electricity resistance, weak 1,
unbreathing, petrification resistance, miasma immunity, AC +12
a: Stop Flying, Renounce Religion, Berserk, Trog's Hand, Brothers in Arms


You were on level 1 of the Elven Halls.
You worshipped Trog.
Trog was extremely pleased with you.
You visited 4 branches of the dungeon, and saw 24 of its levels.
You also visited: Bailey and Volcano.

You collected 3065 gold pieces.
You spent 1174 gold pieces at shops.

Inventory:

Hand Weapons
 a - a +6 vorpal great mace (weapon)
Missiles
 A - 8 throwing nets (quivered)
Armour
 p - a +0 pair of gloves (worn)
 r - a +0 pair of boots (worn)
 I - the +7 chain mail of Xisosy (worn) {Slay+3}
   (You bought it in a shop on level 2 of the Orcish Mines)

   It affects your accuracy and damage with ranged weapons and melee attacks
   (+3).
 J - a +1 cloak of preservation
 K - a scarf of harm (worn)
 S - a +2 hat (worn)
Jewellery
 c - a +6 ring of dexterity (right hand)
 o - an uncursed amulet of guardian spirit
 z - an uncursed amulet of regeneration
 D - an uncursed ring of fire
 P - an amulet of reflection (around neck)
 Z - a +6 ring of strength (left hand)
Wands
 n - a wand of flame (49)
 q - a wand of paralysis (21)
 E - a wand of acid (24)
 F - a wand of digging (11)
 M - a wand of iceblast (8)
Scrolls
 b - 11 scrolls of teleportation
 d - a scroll of enchant armour
 h - 6 scrolls of magic mapping
 k - 4 scrolls of fear
 m - 14 scrolls of remove curse
 s - a scroll of holy word
 x - a scroll of blinking
 B - 2 scrolls of enchant weapon
Potions
 f - 4 potions of magic
 i - 4 potions of ambrosia
 j - 4 potions of cancellation
 l - a potion of heal wounds
 t - 6 potions of haste
 H - 5 potions of curing
 Q - 4 potions of berserk rage
 R - 2 potions of resistance
 X - 2 potions of might
Books
 e - a manual of Dodging


   Skills:
 + Level 14.7 Fighting
 * Level 16.5 Maces & Flails
 + Level 14.5 Armour
 + Level 14.5 Dodging


You had 16 spell levels left.
You didn't know any spells.
Your spell library was empty.

Dungeon Overview and Level Annotations

Branches:
Dungeon (15/15)            Temple (0/1) D:6            Lair (6/6) D:10
  Swamp (0/4) Lair:2        Snake (0/4) Lair:3        Slime (0/5) Lair:5
    Orc (2/2) D:12            Elf (1/3) Orc:2        Vaults (0/5) D:14
 Depths (0/5) D:15         Bailey (visited)         Volcano (visited)

Altars:
Elyvilon
Fedhas
Gozag
Hepliaklqana
Makhleb
Nemelex Xobeh
Okawaru
Qazlal
Ru
Trog
Wu Jian
Xom
Yredelemnul
The Shining One

Shops:
D:6 [   D:11 (   D:15 *   Orc:2 [[*}

Annotations:
Elf:1 1 runed translucent door, Zumogig's ghost, adept HuVM


Innate Abilities, Weirdness & Mutations

You are resistant to torment.
Your stone body is resilient. (AC +12)
You are immune to poison.
Your large and strong wings let you fly indefinitely.
You resist negative energy. (rN+)
You are resistant to electric shocks. (rElec)
You can survive without breathing.
You are immune to petrification.
You are immune to miasma.
You are weak. (Str -2)


Message History

The deep elf archer shoots an arrow.
The arrow misses you.
The air elemental hits you but does no damage.
The deep elf archer shouts!
You have reached level 17!
You bludgeon the deep elf archer!!
The deep elf archer is almost dead.
The deep elf mage shouts!
* * * LOW HITPOINT WARNING * * *
The deep elf archer dies!
The winds around the air elemental start to calm down.
The air elemental hits you but does no damage.
You block the air elemental's attack.
The deep elf archer shoots an arrow.
The air elemental completely misses you.
The deep elf archer casts a spell at something.
The air elemental misses you. The air elemental barely misses you.
The deep elf archer shoots an arrow.
The arrow hits you but does no damage. The air elemental misses you.
You see here an arrow.
The air elemental misses you. The air elemental hits you!
You die...

.# .# #.# #####.####
#.# #. ......# #.####
#.##...#.# #....##
#........# ##.....##
#§(.@..§.# ##.......#
#§.§E..§.# #.........
#(§§§§)§.# #..)......
#.#)§.)..)###.........
..
##()§§§.eeee........
#. ##)§§§#####.)....##
. ##>.§# ##'#..##
##..# ##.#### ...#
###...###


You could see 2 deep elf archers and an air elemental.

Vanquished Creatures
  Kirke (Elf:1)
  A deep elf sorcerer (Elf:1)
  The ghost of Qeimiotua the Blocker, a journeyman MiFi of Okawaru (Lair:5)
  A red draconian (Volcano)
  Josephine (Lair:6)
  2 ice dragons (D:15)
  Harold (D:7)
  2 boulder beetles
  8 vault guards
  4 centaur warriors
  A death knight (D:13)
  16 hydras
  2 two-headed ogres (D:12)
  12 death yaks
  Urug (Orc:1)
  4 dancing weapons (Elf:1)
  2 tengu warriors (D:14)
  5 orc high priests
  A deep elf knight (Elf:1)
  Nergalle (Orc:1)
  5 skeletal warriors
  A salamander mystic (Volcano)
  An unseen horror (D:15)
  An unseen horror (shapeshifter) (D:14)
  A necromancer (Lair:3)
  A phantasmal warrior (D:13)
  3 deep elf archers (Elf:1)
  A lindwurm (Lair:6)
  13 deep elf magi
  An orc knight (Orc:2)
  12 ugly things
  6 salamanders (Volcano)
  A cyclops (D:11)
  An orc sorcerer (Orc:2)
  3 manticores
  An eye of devastation (Lair:5)
  Maurice (D:10)
  A guardian serpent (shapeshifter) (D:15)
  A guardian serpent (Lair:3)
  10 black mambas
  Joseph (D:10)
  7 elephants (Lair:6)
  34 cane toads
  Maggie (D:10)
  A torpor snail (Lair:3)
  5 rime drakes
  7 komodo dragons
  2 freezing wraiths (D:13)
  3 polar bears
  4 trolls
  A hornet (shapeshifter) (Elf:1)
  A tengu conjurer (D:14)
  3 tyrant leeches (Lair:6)
  3 slime creatures (D:15)
  18 blink frogs
  2 dream sheep (Lair:5)
  A meliai zombie (D:11)
  5 wraiths
  An air elemental (Elf:1)
  3 fire bats (Lair:2)
  4 wyverns
  2 water elementals (D:14)
  70 yaks
  A steam dragon (Lair:3)
  A fire elemental (Elf:1)
  10 basilisks
  3 hogs (Elf:1)
  3 wargs
  11 vampire mosquitoes
  15 water moccasins
  Duvessa (D:7)
  29 orc warriors
  4 ice beasts
  A meliai simulacrum (D:15)
  3 sky beasts
  2 eyes of draining
  3 black bears
  10 ogres
  2 phantoms
  14 centaurs
  9 wolves
  A big kobold (D:8)
  30 bullfrogs
  An earth elemental (Elf:1)
  8 gnoll sergeants (Bailey)
  Dowan (D:7)
  2 scorpions
  A wyvern skeleton (D:6)
  8 killer bees
  4 electric eels
  7 wights (D:7)
  A howler monkey (D:5)
  A quasit (D:10)
  4 centaur zombies
  A jelly (D:8)
  4 centaur skeletons
  6 gnoll shamans (Bailey)
  39 orc priests
  3 bullfrog skeletons
  13 hounds
  2 iguanas
  35 orc wizards
  11 worker ants
  A yak simulacrum (Lair:3)
  3 polar bear simulacra (Lair:3)
  4 wolf simulacra (Lair:3)
  A killer bee zombie (D:8)
  A hound skeleton (D:9)
  A howler monkey zombie (D:8)
  2 worker ant zombies
  18 gnolls
  10 adders
  3 shadow imps
  2 white imps
  An ufetubus (D:5)
  2 oozes
  2 adder zombies
  2 worms
  2 dart slugs
  2 leopard geckos
  83 orcs
  6 bats
  3 giant cockroaches
  4 hobgoblins
  19 jackals
  4 quokkas
  A ball python (D:2)
  6 frilled lizards
  10 goblins
  10 kobolds
  A leopard gecko skeleton (D:7)
  A quokka skeleton (D:4)
  5 rats
  3 river rat simulacra (Lair:3)
829 creatures vanquished.

Vanquished Creatures (others)
  An unseen horror (D:14)
  A deep elf archer (Elf:1)
  A water elemental (Elf:1)
  A human (Elf:1)
  An orc warrior (Orc:2)
  An orc wizard (Orc:2)
  A leopard gecko (D:10)
  2 orcs
  A bush (Lair:6)
  31 fungi
  109 plants
  A withered plant (Elf:1)
151 creatures vanquished.

Grand Total: 980 creatures vanquished

Notes
Turn   | Place    | Note
-------+----------+-------------------------------------------
     0 | D:1      | Borgoz the Gargoyle Berserker began the quest for the Orb.
     0 | D:1      | Reached XP level 1. HP: 14/14 MP: 1/1
   295 | D:1      | Reached XP level 2. HP: 19/19 MP: 2/2
   728 | D:2      | Reached XP level 3. HP: 14/23 MP: 3/3
  1411 | D:2      | Found a sparkling altar of Nemelex Xobeh.
  1507 | D:3      | Found a bloodstained altar of Trog.
  1531 | D:3      | Reached ** piety under Trog
  1532 | D:3      | Reached XP level 4. HP: 29/29 MP: 4/4
  1610 | D:3      | Reached XP level 5. HP: 33/33 MP: 5/5
  2030 | D:3      | Reached skill level 4 in Maces & Flails
  2356 | D:4      | Reached XP level 6. HP: 32/39 MP: 6/6
  2710 | D:4      | Reached *** piety under Trog
  2711 | D:4      | Reached skill level 5 in Fighting
  2722 | D:4      | Reached XP level 7. HP: 33/44 MP: 7/7
  3485 | D:5      | Entered Level 5 of the Dungeon
  3602 | D:5      | Got a slimy flail
  3603 | D:5      | Identified the cursed +3 flail of Freehold {freeze, Int+4
                  | Dex+9} (You found it on level 5 of the Dungeon)
  3623 | D:5      | Reached skill level 5 in Maces & Flails
  3627 | D:5      | Reached skill level 5 in Armour
  3799 | D:5      | Reached XP level 8. HP: 13/51 MP: 8/8
  4767 | D:6      | Found a staircase to the Ecumenical Temple.
  4784 | D:6      | Reached **** piety under Trog
  4785 | D:6      | Reached skill level 6 in Maces & Flails
  4930 | D:6      | Noticed a wyvern
  4937 | D:6      | Killed a wyvern
  5042 | D:6      | Found a glowing golden altar of the Shining One.
  5094 | D:6      | Found Witutize's Antique Armour Shop.
  5254 | D:6      | Reached XP level 9. HP: 56/56 MP: 9/9
  5363 | D:7      | Reached skill level 5 in Dodging
  5429 | D:7      | Found a shimmering altar of Xom.
  5881 | D:7      | Found a stormy altar of Qazlal.
  5962 | D:7      | Noticed Harold
  5980 | D:7      | Killed Harold
  5980 | D:7      | Reached ***** piety under Trog
  5981 | D:7      | Reached skill level 7 in Maces & Flails
  6148 | D:7      | Found a blossoming altar of Fedhas.
  6193 | D:7      | Noticed Duvessa
  6193 | D:7      | Noticed Dowan
  6199 | D:7      | Killed Duvessa
  6200 | D:7      | Reached XP level 10. HP: 61/64 MP: 10/10
  6207 | D:7      | Killed Dowan
  6648 | D:8      | Found a glowing golden altar of the Shining One.
  6755 | D:8      | Reached skill level 8 in Maces & Flails
  6883 | D:8      | Found an ornate altar of the Wu Jian Council.
  6923 | D:8      | Found an iron altar of Okawaru.
  6924 | D:8      | Found a sacrificial altar of Ru.
  6924 | D:8      | Found an opulent altar of Gozag.
  7107 | D:9      | Found a basalt altar of Yredelemnul.
  7107 | D:9      | Found a hazy altar of Hepliaklqana.
  7781 | D:9      | Found a white marble altar of Elyvilon.
  7923 | D:10     | Entered Level 10 of the Dungeon
  7941 | D:10     | Reached XP level 11. HP: 71/71 MP: 8/11
  8064 | D:10     | Found a staircase to the Lair.
  8075 | D:10     | Received a gift from Trog
  8169 | D:10     | Reached skill level 9 in Maces & Flails
  8279 | D:10     | Noticed Joseph
  8283 | D:10     | Noticed Maurice
  8295 | D:10     | Killed Maurice
  8300 | D:10     | Killed Joseph
  8301 | D:10     | Reached skill level 10 in Fighting
  8680 | D:10     | Noticed Maggie
  8698 | D:10     | Killed Maggie
  8958 | D:11     | Found a flagged portal.
  8977 | Bailey   | Entered a bailey
  9007 | Bailey   | Reached skill level 10 in Armour
  9683 | D:11     | Noticed a manticore
  9700 | D:11     | Killed a manticore
  9795 | D:11     | Noticed a cyclops
  9799 | D:11     | Noticed a seven-headed hydra
  9808 | D:11     | Killed a cyclops
  9813 | D:11     | Killed a seven-headed hydra
  9819 | D:11     | Noticed a skeletal warrior
  9820 | D:11     | Noticed a skeletal warrior
  9821 | D:11     | Noticed a skeletal warrior
  9824 | D:11     | Noticed a skeletal warrior
  9825 | D:11     | Noticed a two-headed ogre
  9831 | D:11     | Reached skill level 10 in Maces & Flails
  9840 | D:12     | Noticed a deep elf mage
  9847 | D:12     | Killed a deep elf mage
 10092 | D:12     | Reached XP level 12. HP: 59/79 MP: 8/12
 10235 | D:12     | Noticed a two-headed ogre
 10246 | D:12     | Killed a two-headed ogre
 10288 | D:12     | Killed a two-headed ogre
 11077 | D:11     | Reached skill level 11 in Maces & Flails
 11177 | D:11     | Found Givaexon's Weapon Shoppe.
 11229 | D:11     | Got a masterwork leather armour
 11240 | D:11     | Identified the cursed +1 leather armour "Maarhuf" {Str+5}
                  | (You found it on level 11 of the Dungeon)
 11592 | D:9      | Found a burning altar of Makhleb.
 11629 | D:12     | Found a staircase to the Orcish Mines.
 11925 | D:12     | Noticed a boulder beetle
 11964 | D:12     | Killed a boulder beetle
 12270 | Lair:1   | Entered Level 1 of the Lair of Beasts
 12429 | Lair:1   | Received a gift from Trog
 13044 | Lair:2   | Reached XP level 13. HP: 43/84 MP: 7/13
 13239 | Lair:2   | Found a dark tunnel.
 13251 | Volcano  | Entered a volcano
 13270 | Volcano  | Found a burning altar of Makhleb.
 13276 | Volcano  | Noticed a red draconian
 13299 | Volcano  | Reached skill level 10 in Dodging
 13326 | Volcano  | Killed a red draconian
 13366 | Volcano  | Reached skill level 12 in Maces & Flails
 14007 | Lair:2   | Found a staircase to the Swamp.
 14492 | Lair:3   | Received a gift from Trog
 14745 | Lair:3   | Found a staircase to the Snake Pit.
 15407 | Lair:4   | Gained mutation: Your large and strong wings let you fly
                  | indefinitely. [Gargoyle growth]
 15407 | Lair:4   | Reached XP level 14. HP: 80/92 MP: 11/14
 15643 | Lair:4   | Reached skill level 13 in Maces & Flails
 16446 | Lair:5   | Noticed Qeimiotua's ghost (journeyman MiFi)
 16592 | Lair:5   | Found a runed translucent gate.
 16702 | Lair:5   | Found a runed translucent gate.
 16703 | Lair:5   | Found a runed translucent gate.
 17572 | Lair:5   | Found a staircase to the Slime Pits.
 17664 | Lair:5   | Killed Qeimiotua's ghost
 17733 | Lair:6   | Entered Level 6 of the Lair of Beasts
 17733 | Lair:6   | Noticed Josephine
 17745 | Lair:6   | Killed Josephine
 17873 | Lair:6   | Reached skill level 14 in Maces & Flails
 17987 | Lair:6   | Reached XP level 15. HP: 98/98 MP: 11/15
 18277 | Lair:6   | Received a gift from Trog
 20491 | D:13     | Identified a scroll of acquirement
 20492 | D:13     | Acquired a manual of Dodging
 20745 | D:13     | Reached skill level 15 in Maces & Flails
 21344 | D:14     | Found a gate to the Vaults.
 21577 | D:14     | Reached XP level 16. HP: 96/105 MP: 16/16
 22187 | D:14     | Received a gift from Trog
 22558 | D:15     | Entered Level 15 of the Dungeon
 22916 | D:15     | Found Zepof's Assorted Antiques.
 23052 | D:15     | Bought a scroll of identify for 70 gold pieces
 23646 | D:15     | Found a staircase to the Depths.
 23691 | D:15     | Bought a potion of berserk rage for 175 gold pieces
 24046 | Orc:1    | Entered Level 1 of the Orcish Mines
 24135 | Orc:1    | Noticed Nergalle
 24144 | Orc:1    | Killed Nergalle
 24157 | Orc:1    | Noticed Urug
 24171 | Orc:1    | Killed Urug
 24280 | Orc:1    | You are sucked into a shaft and drop 1 floor!
 24280 | Orc:2    | Entered Level 2 of the Orcish Mines
 24280 | Orc:2    | Found a staircase to the Elven Halls.
 24303 | Orc:2    | Reached ****** piety under Trog
 24305 | Orc:2    | Received a gift from Trog
 24355 | Orc:2    | Found a bloodstained altar of Trog.
 25024 | Orc:2    | Reached skill level 16 in Maces & Flails
 25385 | Orc:2    | Gained mutation: You are weak. (Str -2) [a neqoxec]
 25668 | Orc:2    | Received a gift from Trog
 25716 | Orc:2    | Found Diq Cepluty's General Store.
 25716 | Orc:2    | Found Nyica's Gadget Shoppe.
 25717 | Orc:2    | Found Rafu Hei's Armour Emporium.
 25720 | Orc:2    | Found Uvou's Armour Emporium.
 25723 | Orc:2    | Bought a scroll of magic mapping for 59 gold pieces
 25725 | Orc:2    | Bought the +7 chain mail of Xisosy {Slay+3} for 768 gold
                  | pieces
 25741 | Orc:2    | Bought a potion of might for 68 gold pieces
 25741 | Orc:2    | Bought a scroll of identify for 34 gold pieces
 26224 | Elf:1    | Entered Level 1 of the Elven Halls
 26268 | Elf:1    | Noticed Kirke
 26286 | Elf:1    | Killed Kirke
 26498 | Elf:1    | Found a runed translucent door.
 26499 | Elf:1    | Noticed Zumogig's ghost (adept HuVM)
 26583 | Elf:1    | HP: 4/107 [deep elf mage/shard of ice (15)]
 26596 | Elf:1    | Reached XP level 17. HP: 8/112 MP: 17/17
 26596 | Elf:1    | HP: 3/112 [air elemental/tornado (7)]
 26598 | Elf:1    | Slain by an air elemental

Illustrated notes

Levels and vault maps discovered:
D:1:      dpeg_arrival_pits, layout_rooms
D:2:      layout_loops_ring, nemelex_dance_club_becter
D:3:      layout_loops_ring, overflow_temple_1_default
D:4:      layout_loops_ring
D:5:      layout_loops_ring, serial_bayou, serial_bayou_shore_a,
          serial_bayou_pond_a, serial_bayou_pond_b, serial_bayou_lake_a
D:6:      layout_rooms, temple_pool_b, serial_shops, shop, tso_altar
D:7:      layout_basic, lemuel_crystal_altar, kennysheep_mini,
          marbit_many_paths, serial_rivers, chequers_serial_rivers_micro_d,
          chequers_serial_rivers_room_a, chequers_serial_rivers_micro_a,
          chequers_serial_rivers_large_b, chequers_serial_rivers_marsh,
          chequers_serial_rivers_micro_e, uniq_harold, uniq_duvessa
D:8:      layout_cave_pools, nicolae_overflow_crystal_walls,
          nzn_wu_jian_contemplation, gammafunk_temple_overflow_claw
D:9:      layout_rooms, elyvilon_altar_5, nicolae_overflow_hidden_temple,
          minivault_22
D:10:     layout_roguey, erik_lair_island, uniq_maurice, uniq_maggie,
          uniq_joseph
D:11:     layout_cave_pools, serial_shops, shop, enter_bailey_3
D:12:     layout_rooms, orc_0_dummy
D:13:     layout_roguey
D:14:     layout_rooms, erik_vaults_2, kennysheep_minor_cross
D:15:     grunt_enter_depths_hoard, layout_cross, nicolae_sextant, serial_shops,
          nicolae_shop_stone, grunt_ministairs_13
Lair:1:   layout_loops_ring, beast_lair_carwin_6
Lair:2:   layout_regular_city, swamp_mist, nicolae_volcano_entry_batcave,
          wad_woods_road_05, grunt_megastairs_4
Lair:3:   layout_chaotic_city, minmay_snake_entry_spellcaster,
          eino_house_with_fridge
Lair:4:   layout_misc_corridors
Lair:5:   cheibrodos_lair_river_kwai, layout_regular_city,
          minmay_slime_entry_eyes, gammafunk_ghost_split, minivault_26,
          hangedman_lair_generics_rect, infiniplex_staircase_pool_2
Lair:6:   minmay_lair_end_frog_pond, layout_gridlike, uniq_josephine
Orc:1:    layout_diamond_mine, uniq_urug, uniq_nergalle
Orc:2:    st_orc_mages, layout_diamond_mine, basic_altar
Elf:1:    layout_loops_corners, gammafunk_ghost_grave,
          minmay_elf_crystal_hexagon, uniq_kirke

Skill      XL: |  1  2  3  4  5  6  7  8  9 10 11 12 13 14 15 16 |
---------------+-------------------------------------------------+-----
Dodging        | 2 3 4 5 7 8 9 11 12 13 14 | 14.5
Fighting       | 4 5 6 8 9 10 11 12 13 14 | 14.7
Armour         | 3 4 5 6 7 9 10 11 12 13 14 | 14.5
Maces & Flails | 4 5 6 7 8 10 11 12 14 15 16 | 16.5

Action                   |  1- 3 |  4- 6 |  7- 9 | 10-12 | 13-15 | 16-18 || total
-------------------------+-------+-------+-------+-------+-------+-------++-------
Melee: Mace              |   148 |    41 |       |       |       |       ||   189
       Flail             |       |   137 |   329 |   801 |  1035 |       ||  2302
       Unarmed           |       |       |     1 |       |       |       ||     1
       Great mace        |       |       |       |       |   120 |   453 ||   573
Throw: Throwing net      |       |       |       |     1 |     2 |       ||     3
Invok: Berserk           |       |     4 |     6 |    13 |    14 |     9 ||    46
       Trog's Hand       |       |       |       |     2 |     2 |     4 ||     8
 Abil: Fly               |       |       |       |       |     1 |       ||     1
Evoke: Wand              |       |       |       |       |       |     1 ||     1
  Use: Scroll            |       |     3 |     5 |     8 |    12 |    12 ||    40
       Potion            |       |       |       |     2 |     1 |     2 ||     5
 Stab: Invisible         |       |       |       |     2 |       |     1 ||     3
       Sleeping          |       |       |       |     4 |    10 |       ||    14
       Held in net/web   |       |       |       |       |     3 |       ||     3
       Distracted        |       |       |       |       |     2 |       ||     2
Armor: Animal skin       |    16 |       |       |       |       |       ||    16
       Scale mail        |   105 |   126 |   212 |   206 |       |       ||   649
       Steam dragon scal |       |       |       |   247 |   336 |   151 ||   734
       Leather armour    |       |       |       |    23 |     1 |       ||    24
       Chain mail        |       |       |       |       |       |    53 ||    53
Dodge: Dodged            |   127 |   127 |   265 |  1266 |  1202 |   552 ||  3539
Block: Other             |       |       |       |       |    41 |   111 ||   152
       Reflection        |       |       |       |       |     5 |     5 ||    10
